TOP OF THE 1ST |
Viola Spearheads batting - Pitching for Bay City Bombers : RHP Jim Unknown
|
Pitching: RHP Jim Unknown
|
|
Batting: LHB Keith Gardner
|
0-0: Ball 1-0: Ball 2-0: Ball 3-0: Base on Balls
|
Batting: RHB Trevor Gardner
|
0-0: Foul Ball, location: 2F 0-1: Ball Keith Gardner steals 2nd base 1-1: Ball 2-1: Swinging Strike 2-2: Foul Ball, location: 2F 2-2: Foul Ball, location: 2F 2-2: Strikes out swinging
|
Batting: RHB Randy Gregory
|
0-0: Foul Ball, location: 2F 0-1: Ground out 6-3 (Groundball, 6) Keith Gardner to third
|
Batting: RHB Steffen Taylor
|
0-0: Ball 1-0: Ball 2-0: Called Strike 2-1: Ball 3-1: Foul Ball, location: 2F 3-2: Foul Ball, location: 2F 3-2: Fly out, F9 (Flyball, 9M)
|
Top of the 1st over - 0 run(s), 0 hit(s), 0 error(s), 1 left on base; Viola 0 - Bay City 0 |
BOTTOM OF THE 1ST |
Bay City Bombers batting - Pitching for Viola Spearheads : RHP António Ybarra
|
Pitching: RHP António Ybarra
|
|
Batting: RHB Shaun Bowles
|
0-0: Ball 1-0: Foul Ball, location: 2F 1-1: Foul Ball, location: 2F 1-2: Fly out, F5 (Line Drive, 5)
|
Batting: LHB Bastyão Lizardo
|
0-0: Ball 1-0: Called Strike 1-1: Ball 2-1: Ball 3-1: Called Strike 3-2: Ground out 1-3 (Groundball, 23)
|
Batting: LHB Mito Rin
|
0-0: Called Strike 0-1: SINGLE (Line Drive, 56)
|
Batting: RHB Enrique Marroquín
|
0-0: Swinging Strike 0-1: Ball 1-1: Called Strike 1-2: Ball 2-2: Fielders Choice at 2nd, U4 (Groundball, 4M)
|
Bottom of the 1st over - 0 run(s), 1 hit(s), 0 error(s), 1 left on base; Viola 0 - Bay City 0 |
TOP OF THE 2ND |
Viola Spearheads batting - Pitching for Bay City Bombers : RHP Jim Unknown
|
Batting: RHB Bill Newsome
|
0-0: Called Strike 0-1: Ball 1-1: Swinging Strike 1-2: Reached on error, E5 (Groundball, 56S)
|
Batting: RHB Thomas Teague
|
0-0: Ball 1-0: SINGLE (Line Drive, 89M) Bill Newsome to second
|
Batting: RHB Paul Arthur
|
0-0: Swinging Strike 0-1: Called Strike 0-2: Strikes out swinging
|
Batting: RHB Pedro Sánchez
|
0-0: Swinging Strike 0-1: Ball 1-1: Called Strike 1-2: Foul Ball, location: 2F 1-2: Foul Ball, location: 2F 1-2: Ball 2-2: Strikes out swinging
|
Batting: RHB Michael Bucknell
|
0-0: Ball 1-0: Called Strike 1-1: Called Strike 1-2: Ball 2-2: Ball 3-2: Fly out, F8 (Flyball, 8LD)
|
Top of the 2nd over - 0 run(s), 1 hit(s), 1 error(s), 2 left on base; Viola 0 - Bay City 0 |
BOTTOM OF THE 2ND |
Bay City Bombers batting - Pitching for Viola Spearheads : RHP António Ybarra
|
Batting: RHB Luis Díaz
|
0-0: SOLO HOME RUN (Line Drive, 7D), Distance : 380 ft
|
Batting: RHB Jim Unknown
|
0-0: Swinging Strike 0-1: Swinging Strike 0-2: Strikes out swinging
|
Batting: RHB Millard Watson
|
0-0: Ball 1-0: Ball 2-0: Ball 3-0: Base on Balls
|
Batting: RHB Barry Martínez
|
0-0: Called Strike 0-1: Ball 1-1: 2-RUN HOME RUN (Flyball, 89XD), Distance : 405 ft
|
Batting: LHB Tony Martínez
|
0-0: Ball 1-0: Ball 2-0: Ground out 4-3 (Groundball, 4)
|
Batting: RHB Shaun Bowles
|
0-0: Ball 1-0: Fly out, F9 (Flyball, 89M)
|
Bottom of the 2nd over - 3 run(s), 2 hit(s), 0 error(s), 0 left on base; Viola 0 - Bay City 3 |
TOP OF THE 3RD |
Viola Spearheads batting - Pitching for Bay City Bombers : RHP Jim Unknown
|
Batting: LHB Keith Gardner
|
0-0: Called Strike 0-1: Ball 1-1: Foul Ball, location: 2F 1-2: Foul Ball, location: 2F 1-2: Ball 2-2: Foul Ball, location: 2F 2-2: Strikes out swinging
|
Batting: RHB Trevor Gardner
|
0-0: Ground out 6-3 (Groundball, 6)
|
Batting: RHB Randy Gregory
|
0-0: SINGLE (Line Drive, 56D)
|
Batting: RHB Steffen Taylor
|
0-0: Ball Throwing error on steal attempt, E2 Randy Gregory to third 1-0: DOUBLE (Line Drive, 9M) Randy Gregory scores
|
Batting: RHB Bill Newsome
|
0-0: Ground out 4-3 (Groundball, 4)
|
Top of the 3rd over - 1 run(s), 2 hit(s), 1 error(s), 1 left on base; Viola 1 - Bay City 3 |
BOTTOM OF THE 3RD |
Bay City Bombers batting - Pitching for Viola Spearheads : RHP António Ybarra
|
Batting: LHB Bastyão Lizardo
|
0-0: Ground out 5-3 (Groundball, 5L)
|
Batting: LHB Mito Rin
|
0-0: Foul Ball, location: 2F 0-1: Ball 1-1: Ball 2-1: Foul Ball, location: 2F 2-2: Fly out, F8 (Flyball, 8RM)
|
Batting: RHB Enrique Marroquín
|
0-0: Ball 1-0: Ball 2-0: Ball 3-0: Base on Balls
|
Pitching: RHP Chet Delaney
|
|
Batting: RHB Luis Díaz
|
0-0: Ball 1-0: Called Strike Enrique Marroquín is caught stealing 2nd base
|
Bottom of the 3rd over - 0 run(s), 0 hit(s), 0 error(s), 0 left on base; Viola 1 - Bay City 3 |
TOP OF THE 4TH |
Viola Spearheads batting - Pitching for Bay City Bombers : RHP Jim Unknown
|
Batting: RHB Thomas Teague
|
0-0: Ball 1-0: Foul Ball, location: 2F 1-1: Ball 2-1: Called Strike 2-2: Foul Ball, location: 2F 2-2: Strikes out swinging
|
Batting: RHB Paul Arthur
|
0-0: Called Strike 0-1: Ball 1-1: Foul Ball, location: 2F 1-2: Ball 2-2: Fly out, F6 (Line Drive, 6)
|
Batting: RHB Pedro Sánchez
|
0-0: Ball 1-0: Ball 2-0: Foul Ball, location: 2F 2-1: Called Strike 2-2: Ball 3-2: Strikes out looking
|
Top of the 4th over - 0 run(s), 0 hit(s), 0 error(s), 0 left on base; Viola 1 - Bay City 3 |
BOTTOM OF THE 4TH |
Bay City Bombers batting - Pitching for Viola Spearheads : RHP Chet Delaney
|
Batting: RHB Luis Díaz
|
0-0: SINGLE (Groundball, 56D)
|
Batting: RHB Jim Unknown
|
0-0: Called Strike 0-1: Ball 1-1: Called Strike 1-2: 2-RUN HOME RUN (Flyball, 78XD), Distance : 410 ft
|
Batting: RHB Millard Watson
|
0-0: Called Strike 0-1: Foul Ball, location: 2F 0-2: Foul Ball, location: 2F 0-2: Fly out, F8 (Flyball, 8RD)
|
Batting: RHB Barry Martínez
|
0-0: Called Strike 0-1: Called Strike 0-2: Foul Ball, location: 2F 0-2: Ball 1-2: Ground out 5-3 (Groundball, 56)
|
Batting: LHB Tony Martínez
|
0-0: Foul Ball, location: 2F 0-1: Swinging Strike 0-2: Ball 1-2: Ball 2-2: Ball 3-2: Foul Ball, location: 2F 3-2: Fly out, F9 (Flyball, 9D)
|
Bottom of the 4th over - 2 run(s), 2 hit(s), 0 error(s), 0 left on base; Viola 1 - Bay City 5 |
TOP OF THE 5TH |
Viola Spearheads batting - Pitching for Bay City Bombers : RHP Jim Unknown
|
Batting: RHB Michael Bucknell
|
0-0: Called Strike 0-1: Ball 1-1: Swinging Strike 1-2: Ball 2-2: Foul Ball, location: 2F 2-2: Ball 3-2: Foul Ball, location: 2F 3-2: Strikes out looking
|
Batting: LHB Keith Gardner
|
0-0: Ball 1-0: Swinging Strike 1-1: Foul Ball, location: 2F 1-2: Foul Ball, location: 2F 1-2: Foul Ball, location: 2F 1-2: Ball 2-2: Foul Ball, location: 2F 2-2: Ball 3-2: Strikes out swinging
|
Batting: RHB Trevor Gardner
|
0-0: Ball 1-0: Ball 2-0: Called Strike 2-1: Ground out 3-1 (Groundball, 34S)
|
Top of the 5th over - 0 run(s), 0 hit(s), 0 error(s), 0 left on base; Viola 1 - Bay City 5 |
BOTTOM OF THE 5TH |
Bay City Bombers batting - Pitching for Viola Spearheads : RHP Chet Delaney
|
Batting: RHB Shaun Bowles
|
0-0: Ball 1-0: Called Strike 1-1: Foul Ball, location: 2F 1-2: Ball 2-2: Foul Ball, location: 2F 2-2: DOUBLE (Line Drive, 78D)
|
Batting: LHB Bastyão Lizardo
|
0-0: Foul Ball, location: 2F 0-1: Ball 1-1: Ground out 1-3 (Groundball, 13S) Shaun Bowles to third
|
Batting: LHB Mito Rin
|
0-0: Fly out, F8 (Flyball, 8LS)
|
Batting: RHB Enrique Marroquín
|
0-0: Called Strike 0-1: Ball 1-1: Swinging Strike 1-2: SINGLE (Line Drive, 56D) Shaun Bowles scores
|
Batting: RHB Luis Díaz
|
0-0: Ball 1-0: Foul Ball, location: 2F 1-1: Foul Ball, location: 2F 1-2: Fly out, F3 (Popup, 3DF)
|
Bottom of the 5th over - 1 run(s), 2 hit(s), 0 error(s), 1 left on base; Viola 1 - Bay City 6 |
TOP OF THE 6TH |
Viola Spearheads batting - Pitching for Bay City Bombers : RHP Jim Unknown
|
Batting: RHB Randy Gregory
|
0-0: SINGLE (Groundball, 6MD) (infield hit)
|
Batting: RHB Steffen Taylor
|
0-0: Ball 1-0: Ball 2-0: Ball 3-0: Called Strike 3-1: Swinging Strike 3-2: Strikes out swinging
|
Batting: RHB Bill Newsome
|
0-0: Called Strike 0-1: Foul Ball, location: 2F 0-2: Ground out 4-3 (Groundball, 4S) Randy Gregory to second
|
Batting: RHB Thomas Teague
|
0-0: Called Strike 0-1: Ball 1-1: Swinging Strike 1-2: Ball 2-2: Strikes out looking
|
Top of the 6th over - 0 run(s), 1 hit(s), 0 error(s), 1 left on base; Viola 1 - Bay City 6 |
BOTTOM OF THE 6TH |
Bay City Bombers batting - Pitching for Viola Spearheads : RHP Chet Delaney
|
Pitching: RHP Doug Ryan
|
|
Batting: RHB Jim Unknown
|
0-0: Ball 1-0: Called Strike 1-1: Ball 2-1: Called Strike 2-2: Strikes out swinging
|
Batting: RHB Millard Watson
|
0-0: Ball 1-0: Called Strike 1-1: SINGLE (Line Drive, 34D)
|
Batting: RHB Barry Martínez
|
0-0: Called Strike Millard Watson steals 2nd base 0-1: Ball 1-1: Foul Ball, location: 2F 1-2: Foul Ball, location: 2F 1-2: Ground out 6-3 (Groundball, 6)
|
Batting: LHB Tony Martínez
|
0-0: Ball 1-0: Ball 2-0: Ground out 4-3 (Groundball, 4)
|
Bottom of the 6th over - 0 run(s), 1 hit(s), 0 error(s), 1 left on base; Viola 1 - Bay City 6 |
TOP OF THE 7TH |
Viola Spearheads batting - Pitching for Bay City Bombers : RHP Jim Unknown
|
Batting: RHB Paul Arthur
|
0-0: Ball 1-0: Called Strike 1-1: Called Strike 1-2: Ball 2-2: Strikes out swinging
|
Batting: RHB Pedro Sánchez
|
0-0: Fly out, F9 (Flyball, 89S)
|
Batting: RHB Michael Bucknell
|
0-0: Ball 1-0: Ball 2-0: Ball 3-0: Called Strike 3-1: Fly out, F3 (Popup, 3L)
|
Top of the 7th over - 0 run(s), 0 hit(s), 0 error(s), 0 left on base; Viola 1 - Bay City 6 |
BOTTOM OF THE 7TH |
Bay City Bombers batting - Pitching for Viola Spearheads : RHP Doug Ryan
|
Batting: RHB Shaun Bowles
|
0-0: Swinging Strike 0-1: Ball 1-1: SINGLE (Flyball, 89S)
|
Batting: LHB Bastyão Lizardo
|
0-0: Ball 1-0: Called Strike 1-1: Swinging Strike 1-2: Strikes out looking
|
Batting: LHB Mito Rin
|
0-0: Called Strike 0-1: Ball 1-1: Foul Ball, location: 2F 1-2: Foul Ball, location: 2F 1-2: SINGLE (Line Drive, 6D) Shaun Bowles to second
|
Batting: RHB Enrique Marroquín
|
0-0: Ball 1-0: Foul Ball, location: 2F 1-1: Foul Ball, location: 2F 1-2: Strikes out looking
|
Batting: RHB Luis Díaz
|
0-0: Swinging Strike 0-1: Foul Ball, location: 2F 0-2: Fielders Choice at 2nd, 5-4 (Groundball, 56)
|
Bottom of the 7th over - 0 run(s), 2 hit(s), 0 error(s), 1 left on base; Viola 1 - Bay City 6 |
TOP OF THE 8TH |
Viola Spearheads batting - Pitching for Bay City Bombers : RHP Jim Unknown
|
Pitching: RHP Hollis Young
|
|
Batting: LHB Keith Gardner
|
0-0: Foul Ball, location: 2F 0-1: Hit by Pitch
|
Batting: RHB Trevor Gardner
|
0-0: Called Strike 0-1: Foul Ball, location: 2F 0-2: Grounds into double play, 6-4-3 (Groundball, 6)
|
Batting: RHB Randy Gregory
|
0-0: Ball 1-0: Ground out 6-3 (Groundball, 6M)
|
Top of the 8th over - 0 run(s), 0 hit(s), 0 error(s), 0 left on base; Viola 1 - Bay City 6 |
BOTTOM OF THE 8TH |
Bay City Bombers batting - Pitching for Viola Spearheads : RHP Doug Ryan
|
Pitching: RHP Melvin Richards
|
|
Batting: RHB Jim Unknown
|
0-0: Ball 1-0: Swinging Strike 1-1: Swinging Strike 1-2: Ball 2-2: Ground out 5-3 (Groundball, 56S)
|
Batting: RHB Millard Watson
|
0-0: Ball 1-0: Called Strike 1-1: Foul Ball, location: 2F 1-2: Strikes out swinging
|
Batting: RHB Barry Martínez
|
0-0: Called Strike 0-1: Fly out, F8 (Flyball, 8LD)
|
Bottom of the 8th over - 0 run(s), 0 hit(s), 0 error(s), 0 left on base; Viola 1 - Bay City 6 |
TOP OF THE 9TH |
Viola Spearheads batting - Pitching for Bay City Bombers : RHP Hollis Young
|
Pitching: RHP Jim Unknown
|
|
Batting: RHB Steffen Taylor
|
0-0: Ball 1-0: Ground out 5-3 (Groundball, 56)
|
Batting: RHB Bill Newsome
|
0-0: Called Strike 0-1: Ball 1-1: SOLO HOME RUN (Flyball, 7D), Distance : 394 ft
|
Batting: RHB Thomas Teague
|
0-0: Called Strike 0-1: Ball 1-1: Swinging Strike 1-2: Strikes out looking
|
Batting: RHB Paul Arthur
|
0-0: Ball 1-0: Ball 2-0: Ball 3-0: Called Strike 3-1: Base on Balls
|
Batting: RHB Pedro Sánchez
|
0-0: Ball 1-0: Called Strike 1-1: Fielders Choice at 2nd, U4 (Groundball, 4M)
|
Top of the 9th over - 1 run(s), 1 hit(s), 0 error(s), 1 left on base; Viola 2 - Bay City 6 |
|